 Dungeon Crawl Stone Soup version 0.32-a0-361-g289a535e89 (webtiles) character file.

Game seed: 4160395661410545102

124 Melum the Ruffian (level 5, -2/58 HPs)
             Began as a Djinni Shapeshifter on Feb 19, 2024.
             Splashed by a jelly's acid (10 damage)
             ... on level 2 of the Dungeon.
             The game lasted 00:03:29 (1683 turns).

Melum the Ruffian (Djinni Shapeshifter)             Turns: 1683, Time: 00:03:31

Health: -2/58      AC:  6    Str: 15    XL:     5   Next: 30%
Gold:   87         EV:  2    Int: 12    God:
                   SH:  0    Dex: 12

rFire   . .          .
                       - Unarmed
rCold   . . .        (no shield)
rNeg    . . .        a - melded +0 animal skin
rPois   ∞            (helmet currently unavailable)
rElec   .            (cloak currently unavailable)
rCorr   .            (gloves currently unavailable)
SInv    .            (boots unavailable)
Will    .....        (no amulet)
Stlth   +            (no ring)
HPRegen 0.29/turn    (no ring)
MPRegen 0.00/turn

%: infuse magic (-3 HP)
@: tree-form, corroded
A: stationary, stasis, torment immunity, boosted hp, sickness immunity, (fire
resistance 2), (cold vulnerability 1), float, innate caster, HP casting, extra
vitality 1
a: no special abilities


You were on level 2 of the Dungeon.
You were a tree.
You visited 1 branch of the dungeon, and saw 2 of its levels.

You collected 87 gold pieces.

Inventory:

Missiles
 g - 2 boomerangs (quivered)
Armour
 a - a +0 animal skin (melded)
 j - a +2 cloak of stealth
Talismans
 c - a beast talisman (active)
 d - a flux talisman
Scrolls
 e - a scroll of fear {unknown}
 f - 3 scrolls of revelation {unknown}
 i - a scroll of poison {unknown}
 m - a scroll of immolation {unknown}
 o - 2 scrolls of identify {unknown}
 r - a scroll of enchant armour {unknown}
 u - 3 scrolls of vulnerability {unknown}
Potions
 b - a potion of lignification
 h - 2 potions of ambrosia {unknown}
 k - 2 potions of attraction {unknown}
 l - a potion of degeneration {unknown}
 n - a potion of berserk rage {unknown}
 p - a potion of invisibility {unknown}
 q - a potion of might {unknown}
 s - a potion of enlightenment {unknown}
 t - a potion of heal wounds {unknown}


   Skills:
 + Level 2.6 Fighting
 - Level 2.1 Dodging
 - Level 5.0 Unarmed Combat
 - Level 2.6 Shapeshifting


You knew the following spells:

 Your Spells              Type           Power      Damage    Failure   Level
a - Necrotise             Necr           0%         1d4       32%         1
b - Blink                 Tloc           0%         N/A       45%         2
Your spell library was empty.

Dungeon Overview and Level Annotations

Branches:
Dungeon (2/15)

Altars:
Ashenzari
Okawaru
Qazlal
Xom
The Shining One


Innate Abilities, Weirdness & Mutations

You are a tree.
Your roots penetrate the ground, keeping you stationary.
You cannot be teleported.
You are immune to unholy pain and torment.
Your maximum health is greatly increased.
Your equipment is partially melded.
You are immune to sickness and miasma.
You are immune to poison.
((Your flesh is very heat resistant. (rF++)))
((You are vulnerable to cold. (rC-)))
You float through the air rather than walking.
You learn spells naturally, not from books.
Your magical power is your life essence.
You have superior vitality. (+4 MHP)


Message History

You kill the endoplasm!
You hit the jelly.
Your hands burn!
The jelly is lightly wounded.
The jelly hits you but does no damage.
You punch the jelly! The acid corrodes you!
Your hands burn!
The jelly is heavily wounded.
The jelly hits you. The acid corrodes you!
You are splashed with acid!
You hit the jelly but do no damage. The acid corrodes you!
Your hands burn!
The jelly is heavily wounded.
You hit the jelly. The acid corrodes you!
Your hands burn!
* * * LOW HITPOINT WARNING * * *
The jelly is almost dead.
The jelly barely misses you.
You hit the jelly but do no damage. The acid corrodes you!
Your hands burn!
* * * LOW HITPOINT WARNING * * *
The jelly is almost dead.
The jelly hits you.
* * * LOW HITPOINT WARNING * * *
The acid corrodes you!
You are splashed with acid!
* * * LOW HITPOINT WARNING * * *
Cast which spell? (? or * to list)
Okay, then.
Cast which spell? (? or * to list)
Okay, then.
Your transformation has ended.
You turn into a tree.
Your +0 animal skin melds into your body.
Your roots penetrate the ground.
The jelly hits you but does no damage.
You hit the jelly but do no damage.
Your branches burn!
* * * LOW HITPOINT WARNING * * *
The jelly is almost dead.
The jelly hits you but does no damage.
The endoplasm quivers.
You hit the jelly but do no damage.
Your branches burn!
* * * LOW HITPOINT WARNING * * *
The jelly is almost dead.
The jelly hits you.
* * * LOW HITPOINT WARNING * * *
You are splashed with acid!
You die...

########## #.##.# #.P......÷
#.##.# #.÷._._÷.. #.##.#
#÷.÷_._.÷. #.##.#
#########.....J... #.##.####
#......##.J._JP... #........
#.#######JJJJJ..J. #......#.
#.####.# #J####### #.###..#.
#.....## ##♣.)...###.# #..#. #
######.# ########.##.###..#.
###########.# #....'..###........
............###....#### #####..#.
###########..##.......#######..#.
# #####.......##....#..#. #
#.......#####.#..#. # #...))).#
#...... ###### ##.....## ###....


You could see 2 jellies and 2 endoplasms.

Vanquished Creatures
  2 adders (D:2)
  3 dart slugs
  5 bats
  9 endoplasms
  4 goblins
  7 hobgoblins
  6 quokkas
  2 ball pythons (D:1)
  2 frilled lizards (D:1)
  9 kobolds
  5 rats
54 creatures vanquished.

Notes
Turn   | Place    | Note
-------+----------+-------------------------------------------
     0 | D:1      | Melum the Djinni Shapeshifter began the quest for the Orb.
     0 | D:1      | Reached XP level 1. HP: 17/17 MP: 0/0
    69 | D:1      | Reached XP level 2. HP: 11/22 MP: 0/0
   190 | D:1      | Found a faded altar of an unknown god.
   267 | D:1      | Reached skill level 4 in Unarmed Combat
   267 | D:1      | Reached XP level 3. HP: 23/27 MP: 0/0
   267 | D:1      | Learned a level 1 spell: Necrotise
   961 | D:2      | Reached XP level 4. HP: 32/32 MP: 0/0
  1247 | D:2      | Reached skill level 5 in Unarmed Combat
  1430 | D:2      | Reached XP level 5. HP: 31/38 MP: 0/0
  1430 | D:2      | Learned a level 2 spell: Blink
  1518 | D:2      | Found a shimmering altar of Xom.
  1664 | D:2      | Found an iron altar of Okawaru.
  1664 | D:2      | Found a glowing golden altar of the Shining One.
  1664 | D:2      | Found a broken altar of Ashenzari.
  1664 | D:2      | Found a stormy altar of Qazlal.
  1683 | D:2      | Splashed by a jelly's acid

Illustrated notes

Levels and vault maps discovered:
D:1:      sevenhm_arrival_forest_fort_small_5, layout_basic,
          nicolae_ecumenical_snake_handling
D:2:      cheibrodos_fertilizer, layout_loops_ring, basic_altar

Skill      XL: |  1  2  3  4 |
---------------+-------------+-----
Unarmed Combat | 4 5 |  5.0
Fighting       | 2 |  2.6
Dodging        | |  2.1
Shapeshifting  | |  2.6

Action                     |  1- 3 |  4- 6 || total
---------------------------+-------+-------++-------
  Melee: Unarmed           |    71 |    76 ||   147
         Punch             |     1 |     2 ||     3
    Use: Potion            |       |     1 ||     1
 Armour: Animal skin       |    21 |    30 ||    51
         Skin              |       |     3 ||     3
  Dodge: Dodged            |    44 |    36 ||    80

Table legend: (Time is in decaauts)
 A = Elapsed time spent in this place.
 B = Non-inter-level travel time spent in this place.
 C = Inter-level travel time spent in this place.
 D = Time resting spent in this place.
 E = Time spent auto-exploring this place.
 F = Levels seen in this place.
 G = Mean time per level.
                   A        B        C        D        E       F      G
               +--------+--------+--------+--------+--------+-----+--------+
         Total |   1670 |   1636 |     34 |     43 |   1289 |   2 |  835.0 |
       Dungeon |   1670 |   1636 |     34 |     43 |   1289 |   2 |  835.0 |
               +--------+--------+--------+--------+--------+-----+--------+

Top non-repeatable levels by time:
     D:1: 904 daAuts
     D:2: 766 daAuts
